AoeStats
← CuongDaLat

Arabia

507992299Analyzed
3v3 RM · 12d ago on Sep 20, 2026· 41m 19s· 6 players
Game mode
Random Map
Map size
Normal (6 player)
Population
200
Speed
Normal
Resources
Standard
Victory
Conquest
Starting age
Dark Age
Ending age
Imperial Age
RankedLock teamsTeams togetherTeam positionsShared explorationLock speedFull tech treeHidden civsTurbo modeCheats
Victory
Defeat
🇧🇷 Wei · Brazil
1361
+15
1338
+16
🇮🇳 Huns · India
1274
+18
🇻🇳 Ethiopians · Vietnam
1361
-18
🇻🇳 Franks · Vietnam
1334
-16
🇻🇳 Hindustanis · Vietnam
1299
-15
mryendl2410
6:51 Loom
9:09 Feudal Age
11:14 Double-Bit Axe
14:32 Fletching
15:36 Padded Archer Armor
18:44 Horse Collar
18:56 Gold Mining
24:27 Castle Age
24:29 Crossbowman
25:05 Bodkin Arrow
26:17 Wheelbarrow
25:54 Bow Saw
26:35 Ballistics
26:48 Leather Archer Armor
26:33 Town Watch
36:01 Imperial Age
37:01 Thumb Ring
37:03 Bracer
39:32 Chemistry
39:04 Ring Archer Armor
piecardinap
7:18 Loom
10:08 Feudal Age
10:46 Double-Bit Axe
10:48 Horse Collar
16:23 Scale Barding Armor
20:36 Bloodlines
23:19 Castle Age
21:14 Gold Mining
29:01 Husbandry
29:23 Chain Barding Armor
31:58 Wheelbarrow
31:39 Stone Mining
35:36 Fletching
40:11 Imperial Age
CuongDaLat
7:56 Loom
10:25 Feudal Age
11:19 Double-Bit Axe
17:06 Scale Barding Armor
20:01 Wheelbarrow
25:15 Castle Age
26:20 Chain Barding Armor
nikhdy
7:50 Loom
10:23 Feudal Age
11:18 Double-Bit Axe
15:17 Fletching
17:38 Padded Archer Armor
20:18 Gold Mining
23:17 Castle Age
24:05 Thumb Ring
24:26 Bow Saw
24:40 Leather Archer Armor
26:00 Bodkin Arrow
36:18 Wheelbarrow
42:18 Imperial Age
迪恩-伊薩卡-凡爾賽提斯
6:20 Loom
9:16 Feudal Age
14:52 Fletching
21:14 Horse Collar
22:00 Double-Bit Axe
23:09 Padded Archer Armor
28:32 Castle Age
26:28 Gold Mining
28:33 Crossbowman
29:09 Bodkin Arrow
29:25 Bow Saw
31:21 Leather Archer Armor
31:30 Ballistics
35:03 Gold Shaft Mining
34:19 Stone Mining
41:10 Imperial Age
41:21 Wheelbarrow
41:58 Bracer
42:59 Chemistry
GAX | toooasty
6:15 Loom
8:51 Feudal Age
9:27 Double-Bit Axe
9:29 Horse Collar
10:52 Town Watch
22:33 Castle Age
20:27 Gold Mining
21:10 Bloodlines
21:12 Scale Barding Armor
22:28 Forging
23:39 Chain Barding Armor
22:41 Light Cavalry
23:27 Husbandry
26:12 Wheelbarrow
26:18 Bow Saw
27:36 Iron Casting
34:35 Heavy Plow
35:13 Gold Shaft Mining
34:32 Stone Mining
39:53 Imperial Age
37:41 Hand Cart
40:03 Heavy Hei Guang Cavalry
Connection lost

Rejoining the realm…

Still unreachable

The connection could not be restored.

Session expired

The server has moved on; the page needs a fresh start.